 Dungeon Crawl Stone Soup version 0.27-a0-684-g359e429f13 (webtiles) character file.

Game seed: 15493388356146487583

7 Allula97 the Skirmisher (level 1, -9/18 HPs)
             Began as a Demonspawn Monk on Mar 20, 2021.
             Mangled by a gnoll
             ... wielding a +0 halberd of protection
              (10 damage)
             ... on level 1 of the Dungeon.
             The game lasted 00:00:27 (48 turns).

Allula97 the Skirmisher (Demonspawn Monk)             Turns: 48, Time: 00:00:28

Health: -9/18      AC:  2    Str: 11    XL:     1   Next: 83%
Magic:  1/1        EV: 13    Int: 11    God:
Gold:   0          SH:  0    Dex: 15    Spells: 0/0 levels left

rFire    . . .     SeeInvis .   a - +0 hand axe
rCold    . . .     Faith    .   (no shield)
rNeg     . . .     Spirit   .   b - +0 robe
rPois    .         Reflect  .   (no helmet)
rElec    .         Harm     .   (no cloak)
rCorr    .         Rampage  .   (no gloves)
Will     .....                  (no boots)
Stlth    ++........             (no amulet)
HPRegen  0.06/turn              (no ring)
MPRegen  0.07/turn              (no ring)

@: no status effects
A: no striking features
a: no special abilities


You were on level 1 of the Dungeon.
You visited 1 branch of the dungeon, and saw 1 of its levels.

Inventory:

Hand Weapons
 a - a +0 hand axe (weapon)
Armour
 b - a +0 robe (worn)
Potions
 c - a potion of degeneration {unknown}


   Skills:
 * Level 3.1 Fighting
 * Level 2.8 Axes
 * Level 0.1 Armour
 * Level 2.8 Dodging
 * Level 1.8 Stealth


You couldn't memorise any spells.
You didn't know any spells.
Your spell library was empty.

Dungeon Overview and Level Annotations

Branches:
Dungeon (1/15)

Altars:


Message History

The jackal closely misses you.
The jackal bites you but does no damage.
The giant cockroach bites you.
* * * LOW HITPOINT WARNING * * *
The jackal misses you.
The jackal bites you but does no damage.
A rat comes into view.
The giant cockroach bites you.
* * * LOW HITPOINT WARNING * * *
A gnoll comes into view.
It is wielding a +0 halberd of protection.
Found a ring mail.
You hit the giant cockroach but do no damage.
The giant cockroach closely misses you.
You closely miss the giant cockroach. You hit the rat.
The gnoll shouts!
The giant cockroach barely misses you. The rat closely misses you.
The giant cockroach barely misses you.
You closely miss the giant cockroach. You closely miss the rat.
The rat bites you but does no damage. The giant cockroach barely misses you.
You hit the giant cockroach.
You kill the giant cockroach!
You barely miss the rat. The rat closely misses you.
You hit the jackal.
The jackal is heavily wounded.
You closely miss the rat. The rat completely misses you.
The jackal barely misses you.
You barely miss the jackal.
The jackal is heavily wounded.
You hit the rat.
You kill the rat!
The jackal bites you.
* * * LOW HITPOINT WARNING * * *
The jackal bites you but does no damage.
The gnoll closely misses you.
You closely miss the jackal.
The jackal is heavily wounded.
The jackal completely misses you.
The gnoll hits you from afar with a +0 halberd of protection!
Ouch! That really hurt!
You die...

#. .# #.# .# ....#
##+##.##.# ....#
#.......?### ....##
#........... .....#
#........#.# .....#
#......(.#.# g....#
####........#.###.....#
............#.##@.....#
#.##...........h##.#..#
#'####+##......h# ..
.......#...†)...# ...
#<######........# .[.
### #.#......## ..
#.#.......# #
..#.......#
....###......


You could see a gnoll and 2 jackals.

Vanquished Creatures
  A dart slug (D:1)
  A giant cockroach (D:1)
  A kobold (D:1)
  2 rats (D:1)
5 creatures vanquished.

Notes
Turn   | Place    | Note
-------+----------+-------------------------------------------
     0 | D:1      | Allula97 the Demonspawn Monk began the quest for the Orb.
     0 | D:1      | Reached XP level 1. HP: 18/18 MP: 1/1
    48 | D:1      | Mangled by a gnoll

Illustrated notes

Levels and vault maps discovered:
D:1:      minmay_arrival_three_doors, layout_basic, serial_shops, shop

Action                   || total
-------------------------++-------
Melee: Hand axe          ||    21
Armor: Robe              ||     6
Dodge: Dodged            ||    29

Table legend: (Time is in decaauts)
 A = Elapsed time spent in this place.
 B = Non-inter-level travel time spent in this place.
 C = Inter-level travel time spent in this place.
 D = Time resting spent in this place.
 E = Time spent auto-exploring this place.
 F = Levels seen in this place.
 G = Mean time per level.
                   A        B        C        D        E       F      G
               +--------+--------+--------+--------+--------+-----+--------+
         Total |     51 |     51 |      0 |      0 |      6 |   1 |   51.0 |
       Dungeon |     51 |     51 |      0 |      0 |      6 |   1 |   51.0 |
               +--------+--------+--------+--------+--------+-----+--------+

Top non-repeatable levels by time:
     D:1: 51 daAuts
